 Dungeon Crawl Stone Soup version 0.31.0-9-g3a7656b989 (webtiles) character file.

Game seed: 15735751432387056081

291 qw the Shooter (level 6, -2/32 HPs)
             Began as a Spriggan Hunter on Feb 2, 2024.
             Slain by a scorpion (3 damage)
             ... in an ossuary.
             The game lasted 00:00:08 (2637 turns).

qw the Shooter (Spriggan Hunter)                    Turns: 2637, Time: 00:00:08

Health: -2/32      AC:  2    Str:  7    XL:     6   Next: 10%
Magic:  7/7        EV: 20    Int: 10    God:
Gold:   216        SH:  0    Dex: 21    Spells: 5/5 levels left

rFire   . . .        i - +0 orcbow (flame)
rCold   + . .        (shield currently unavailable)
rNeg    . . .        c - +0 robe
rPois   .            (helmet restricted)
rElec   .            (no cloak)
rCorr   .            (gloves unavailable)
SInv    +            (boots unavailable)
Will    +....        (no amulet)
Stlth   ++           h - ring of protection from cold
HPRegen 0.25/turn    (no ring)
MPRegen 0.10/turn

%: no passive effects
@: lethally poisoned (-2 -> -13), very quick
A: very small, no large weapons, unfitting armour, see invisible, speed 3
a: no special abilities


You were in an ossuary.
You visited 1 branch of the dungeon, and saw 4 of its levels.
You also visited: Ossuary.

You collected 216 gold pieces.


Innate Abilities, Weirdness & Mutations

You are very small and have problems with some larger weapons.
You are too small for most types of armour.
You have supernaturally acute eyesight. (SInv)
You cover ground extremely quickly. (Speed+++)


   Skills:
 - Level 2.6 Fighting
 - Level 6.0 Ranged Weapons
 + Level 5.1 Dodging
 - Level 1.5 Stealth


You had 5 spell levels left.
You didn't know any spells.
Your spell library was empty.

Inventory:

Hand Weapons
 i - a +0 orcbow of flaming (weapon)
Armour
 c - a +0 robe (worn)
Jewellery
 h - a ring of protection from cold (left hand)
Wands
 b - a wand of light (10)
 j - a wand of flame (12)
Scrolls
 a - a scroll of identify
Potions
 d - a potion of cancellation
 e - a potion of haste
 f - a potion of might
 g - 2 potions of mutation

Dungeon Overview and Level Annotations

Branches:
Dungeon (4/15)            Ossuary (1/1)
 Temple: D:4-7

Altars:
Cheibriados
Qazlal
Vehumet

Shops:
D:1 [?((

Annotations:
D:4 2 runed translucent doors, qw's ghost, amateur DgHu


Message History

The scorpion misses you. The scorpion zombie closely misses you.
The scorpion completely misses you.
You shoot an arrow. The arrow hits the scorpion zombie!
The arrow burns the scorpion zombie.
You destroy the scorpion zombie!
The scorpion barely misses you.
Your Ranged Weapons skill increases to level 6!
You shoot an arrow.
The arrow hits the scorpion but does no damage.
The scorpion closely misses you.
You shoot an arrow.
The arrow hits the scorpion but does no damage.
The scorpion stings you.
You are poisoned.
The scorpion poisons you! The scorpion closely misses you.
You shoot an arrow. The arrow hits the scorpion.
The arrow burns the scorpion.
The scorpion is moderately wounded.
You feel very sick. The scorpion barely misses you.
You shoot an arrow. The arrow closely misses the scorpion.
You feel sick. The scorpion closely misses you.
The scorpion completely misses you.
You shoot an arrow. The arrow closely misses the scorpion.
You feel sick. The scorpion stings you.
You shoot an arrow. The arrow closely misses the scorpion.
You feel sick. The scorpion stings you.
You are more poisoned.
The scorpion poisons you! The scorpion stings you.
You are more poisoned.
The scorpion poisons you!
You shoot an arrow. The arrow hits the scorpion.
The arrow burns the scorpion.
The scorpion is heavily wounded.
You feel very sick.
The scorpion stings you but does no damage.
You shoot an arrow.
The arrow hits the scorpion but does no damage.
The scorpion is heavily wounded.
You feel very sick. The scorpion misses you. The scorpion stings you.
You die...

##### ####
#...# .#...
#.\.# .8...
#...# ......
##'###8...8#
#...#.......
#.\.@s..8...
#...#...#...
#########


You could see a scorpion.

Vanquished Creatures
  A scorpion (D:3)
  A bombardier beetle (D:3)
  2 orc priests (D:4)
  An orc wizard (D:4)
  A scorpion zombie (Ossuary)
  2 adders (D:2)
  A dart slug (D:1)
  5 orcs
  9 endoplasms
  2 giant cockroaches
  4 goblins
  9 hobgoblins
  6 jackals
  2 kobolds
  A quokka (D:2)
  8 ball pythons
  4 bats
  2 frilled lizards
  2 rats
63 creatures vanquished.

Notes
Turn   | Place    | Note
-------+----------+-------------------------------------------
     0 | D:1      | qw the Spriggan Hunter began the quest for the Orb.
     0 | D:1      | Reached XP level 1. HP: 10/10 MP: 2/2
     0 | D:1      | 0 ||| qw: Version: 0.3-a-155-g5e7d8dd
     0 | D:1      | 0 ||| qw: Game counter: 780
     0 | D:1      | 0 ||| qw: Melee chars always use a shield: true
     0 | D:1      | 0 ||| qw: God list: Okawaru
     0 | D:1      | 0 ||| qw: Allow faded altars: false
     0 | D:1      | 0 ||| qw: Do Orc after clearing Dungeon:15 true
     0 | D:1      | 0 ||| qw: Do second Lair branch before Depths: true
     0 | D:1      | 0 ||| qw: Lair rune preference: random
     0 | D:1      | 0 ||| qw: Goals: Normal
     0 | D:1      | 0 ||| PLANNING D:1-11
    95 | D:1      | Reached skill level 3 in Dodging
   117 | D:1      | Found Nethriocy's Magic Scroll Emporium.
   151 | D:1      | 151 ||| SHOPLISTING scroll of enchant armour (97 gold, have
                  | 0).
   151 | D:1      | 151 ||| SHOPLISTING scroll of teleportation (39 gold, have
                  | 0).
   206 | D:1      | Reached XP level 2. HP: 13/14 MP: 3/3
   306 | D:1      | Found Lafiepnay's Weapon Shoppe.
   458 | D:1      | Found Imukaug's Weapon Shop.
   468 | D:1      | 468 ||| SHOPLISTING +2 heavy arbalest (221 gold, have 40).
   600 | D:1      | Found Ehone's Antique Armour Boutique.
   693 | D:1      | 693 ||| READING scroll labelled FUOLIA MIUXEDIGER.
   693 | D:1      | 693 ||| IDENTIFYING pink potion
   694 | D:1      | 694 ||| READING scroll labelled SYXZIFF IR VAD.
   695 | D:1      | 695 ||| READING scroll labelled BIRUOJ USUATT.
   723 | D:1      | 723 ||| DRINKING 2 fuming brown potions.
   724 | D:1      | 724 ||| DROPPING scroll of butterflies.
   725 | D:1      | 725 ||| DROPPING potion of degeneration.
   857 | D:2      | Reached XP level 3. HP: 18/18 MP: 4/4
   923 | D:2      | HP: 4/18 [poisoned by an adder]
  1234 | D:2      | Found a stormy altar of Qazlal.
  1409 | D:2      | Reached skill level 5 in Ranged Weapons
  1412 | D:2      | HP: 4/18 [constriction (1)]
  1736 | D:2      | 1736 ||| UPGRADING to ring of protection from cold.
  1737 | D:2      | 1737 ||| READING scroll labelled ONOLOL OSHIMI.
  1737 | D:2      | Identified a scroll of acquirement
  1737 | D:2      | 1737 ||| ACQUIRING +0 orcbow of flaming
  1737 | D:2      | Acquired a +0 orcbow of flaming
  1739 | D:2      | 1739 ||| SWAPPING to +0 orcbow of flaming.
  1740 | D:2      | 1740 ||| DROPPING +0 shortbow.
  1741 | D:2      | 1741 ||| DRINKING 2 red potions.
  1903 | D:3      | Reached XP level 4. HP: 22/22 MP: 5/5
  2044 | D:3      | Found a snail-covered altar of Cheibriados.
  2196 | D:3      | Noticed a scorpion
  2197 | D:3      | 2197 ||| ZAPPING wand of light (12) at 1,-2 (scorpion;
                  | floor).
  2198 | D:3      | 2198 ||| ZAPPING wand of light (11) at 1,-2 (scorpion;
                  | floor).
  2198 | D:3      | Killed a scorpion
  2199 | D:3      | Reached XP level 5. HP: 27/27 MP: 6/6
  2273 | D:3      | 2273 ||| READING 2 scrolls of identify.
  2273 | D:3      | 2273 ||| IDENTIFYING coppery potion
  2274 | D:3      | 2274 ||| READING scroll of identify.
  2274 | D:3      | 2274 ||| IDENTIFYING 2 silvery potions
  2275 | D:3      | 2275 ||| READING scroll labelled MIAZOSS GYZIU.
  2276 | D:3      | 2276 ||| READING scroll labelled RASAFU EWNOPPI.
  2377 | D:3      | 2377 ||| READING scroll labelled XOF MIXUKLIANU.
  2388 | D:4      | 2388 ||| PLANNING OSSUARY
  2481 | D:4      | Found a radiant altar of Vehumet.
  2578 | D:4      | Found a large runed translucent door.
  2578 | D:4      | Found a large runed translucent door.
  2582 | D:4      | Noticed qw's ghost (amateur DgHu)
  2597 | D:4      | Reached XP level 6. HP: 32/32 MP: 7/7
  2608 | D:4      | Found a sand-covered staircase.
  2614 | Ossuary  | Entered an ossuary
  2630 | Ossuary  | Reached skill level 6 in Ranged Weapons
  2636 | Ossuary  | HP: 5/32 [poisoned by a scorpion]
  2637 | Ossuary  | HP: 1/32 [poisoned by a scorpion]
  2637 | Ossuary  | Slain by a scorpion

Levels and vault maps discovered:
D:1:      beargit_arrival_diablo_church, layout_basic, serial_shops,
          nicolae_diamond_shop, shop, nicolae_shop_just_a_little_nook,
          nicolae_lakefront_shop, minivault_4
D:2:      layout_loops_corners, basic_altar, minmay_shallow_snake_nest
D:3:      minmay_wonky_spiral, layout_rooms, slow_altar_2
D:4:      layout_basic, vehumet_altar_wand_db, mainiacjoe_overflow_24_doors,
          nicolae_dithmenos_through_a_glass_darkly, lemuel_doored_altar,
          fedhas_altar_1, ebering_ghost_disaster_area,
          nicolae_ossuary_entry_plus, nicolae_wormholes
Ossuary:  ossuary_minmay_scorpions

Skill      XL: |  1  2  3  4  5  6 |
---------------+-------------------+-----
Dodging        | 3 4 5 |  5.1
Ranged Weapons | 5 6 |  6.0
Fighting       | 2 |  2.6
Stealth        | |  1.5

Action                     |  1- 3 |  4- 6 || total
---------------------------+-------+-------++-------
   Fire: Shortbow          |   111 |       ||   111
         Orcbow            |    12 |    62 ||    74
  Evoke: Wand              |       |     2 ||     2
    Use: Scroll            |     4 |     5 ||     9
         Potion            |     2 |       ||     2
 Armour: Robe              |    15 |    10 ||    25
  Dodge: Dodged            |    67 |    25 ||    92

Table legend:
 A = Non-vault XP
 B = Vault XP
 C = Vault XP percentage of total XP
 D = Non-vault monster count
 E = Vault monster count
 F = Vault count percentage of total count
                 A         B        C        D         E       F
            +---------+---------+-------+---------+---------+-------
      Total |     225 |     191 |  45.9 |      52 |      11 |  17.5
            +---------+---------+-------+---------+---------+-------
        D:1 |      38 |       0 |   0.0 |      20 |       0 |   0.0
        D:2 |      32 |      18 |  36.0 |      12 |       5 |  29.4
        D:3 |      15 |     135 |  90.0 |       7 |       4 |  36.4
        D:4 |     140 |       2 |   1.4 |      13 |       1 |   7.1
    Ossuary |       0 |      36 | 100.0 |       0 |       1 | 100.0
            +---------+---------+-------+---------+---------+-------
